 Dungeon Crawl Stone Soup version 0.28-a0-8-g6e044cfa68 (webtiles) character file.

Game seed: 9882140212896624876

9 ezpacito the Skirmisher (level 2, 10/24 HPs)
             Began as a Demonspawn Abyssal Knight on July 24, 2021.
             Was an Initiate of Lugonu.
             Quit the game on level 1 of the Dungeon.
             The game lasted 00:00:45 (395 turns).

ezpacito the Skirmisher (Demonspawn Abyssal Knight)  Turns: 395, Time: 00:00:45

Health: 10/24      AC:  9    Str: 12    XL:     2   Next: 3%
Magic:  3/3        EV: 11    Int: 13    God:    Lugonu [......]
Gold:   7          SH:  0    Dex: 12    Spells: 1/1 levels left

rFire   . . .      SeeInvis .   a - +1 hand axe
rCold   . . .      Faith    .   (no shield)
rNeg    . . .      Spirit   .   b - +0 leather armour
rPois   .          Reflect  .   (no helmet)
rElec   .          Harm     .   (no cloak)
rCorr   .          Rampage  .   (no gloves)
Will    .....                   (no boots)
Stlth   +.........              (no amulet)
HPRegen 0.08/turn               (no ring)
MPRegen 0.08/turn               (no ring)

@: sanguine armoured
A: sanguine armour 1
a: Renounce Religion


You were on level 1 of the Dungeon.
You worshipped Lugonu.
Lugonu was noncommittal.
You visited 1 branch of the dungeon, and saw 1 of its levels.
You visited the Abyss 1 time.

You collected 7 gold pieces.

Inventory:

Hand Weapons
 a - a +1 hand axe (weapon)
Armour
 b - a +0 leather armour (worn)
Scrolls
 d - a scroll of amnesia {unknown}


   Skills:
 + Level 3.1 Fighting
 * Level 2.0 Axes
 + Level 1.9 Armour
 + Level 1.0 Dodging
 + Level 0.4 Spellcasting
 + Level 2.6 Invocations


You had one spell level left.
You didn't know any spells.
Your spell library was empty.

Dungeon Overview and Level Annotations

Branches:
Dungeon (1/15)

Altars:


Innate Abilities, Weirdness & Mutations

When seriously injured, your bleeding wounds create armour. (AC +6)


Message History

Lugonu accepts your kill.
You barely miss the rat. You hit the giant cockroach.
You closely miss the jackal. The jackal bites you.
The giant cockroach bites you but does no damage.
The rat misses you. The jackal barely misses you.
The giant cockroach bites you but does no damage.
The rat bites you but does no damage.
A ball python comes into view.
The jackal barely misses you.
The jackal bites you but does no damage.
The jackal barely misses you. The giant cockroach bites you.
The ball python closely misses you. x2
The giant cockroach bites you but does no damage.
Found an escape hatch in the floor.
You closely miss the giant cockroach. The giant cockroach closely misses you.
You hit the giant cockroach.
You kill the giant cockroach!
Lugonu accepts your kill.
Your Axes skill increases to level 2!
You closely miss the ball python.
The ball python bites you but does no damage.
The ball python closely misses you. The ball python barely misses you. x2
You barely miss the ball python.
The ball python bites you but does no damage.
The ball python closely misses you.
You barely miss the ball python. The ball python barely misses you.
The ball python grabs you. The ball python constricts you.
The ball python bites you but does no damage.
The ball python constricts you.
You hit the ball python.
You kill the ball python!
Lugonu accepts your kill.
You have reached level 2!
Your demonic ancestry asserts itself...
You feel your blood ready itself to protect you.
You barely miss the hobgoblin.
Your blood congeals into armour.
The hobgoblin misses you.
You closely miss the hobgoblin. The hobgoblin barely misses you.
Are you sure you want to abandon this character and quit the game? (Confirm with "yes".)

#..††............
###.................
..##...##...#.## ...
#......^......##...
.#.....##..........
.....g....####..#.#
##### .........## ...#
.... ......g.r#
####.##.... .........#
##rg@.......
.........####.h##..#.#>#
................#..#.##
......................#
.....................##
......#.|.........###
....###.........#.<##
#### #........#..#.#
..........#..>##


You could see a jackal, a hobgoblin and a rat.

Vanquished Creatures
  An endoplasm (D:1)
  A giant cockroach (D:1)
  3 jackals (D:1)
  2 ball pythons (D:1)
7 creatures vanquished.

Notes
Turn   | Place    | Note
-------+----------+-------------------------------------------
     0 | Abyss:1  | ezpacito the Demonspawn Abyssal Knight began the quest for
                  | the Orb.
     0 | Abyss:1  | Reached XP level 1. HP: 18/18 MP: 2/2
    31 | Abyss:1  | Found a corrupted altar of Lugonu.
   151 | Abyss:2  | Noticed a chaos spawn
   160 | Abyss:2  | Noticed an iron imp
   169 | Abyss:2  | Noticed a large abomination
   170 | Abyss:2  | Noticed a neqoxec
   171 | Abyss:2  | Noticed a ynoxinul
   175 | D:1      | Escaped the Abyss
   361 | D:1      | Reached skill level 1 in Dodging
   393 | D:1      | Gained mutation: When seriously injured, your bleeding
                  | wounds create armour. (AC +6) [demonic ancestry]
   393 | D:1      | Reached XP level 2. HP: 10/24 MP: 3/3
   395 | D:1      | Quit the game

Illustrated notes

Levels and vault maps discovered:
D:1:      onia_arrival_handbag, layout_rooms, serial_park_tiny_2,
          hangedman_glass_teeth

Skill      XL: |  1 |
---------------+----+-----
Dodging        | 1 |  1.0
Axes           | 2 |  2.0
Fighting       | |  3.1
Armour         | |  1.9
Spellcasting   | |  0.4
Invocations    | |  2.6

Action                   || total
-------------------------++-------
Melee: Hand axe          ||    22
Invok: Depart the Abyss  ||     1
  Use: Potion            ||     1
Armor: Leather armour    ||    11
Dodge: Dodged            ||    30

Table legend: (Time is in decaauts)
 A = Elapsed time spent in this place.
 B = Non-inter-level travel time spent in this place.
 C = Inter-level travel time spent in this place.
 D = Time resting spent in this place.
 E = Time spent auto-exploring this place.
 F = Levels seen in this place.
 G = Mean time per level.
                   A        B        C        D        E       F      G
               +--------+--------+--------+--------+--------+-----+--------+
         Total |    399 |    399 |      0 |      0 |    310 |   3 |  133.0 |
       Dungeon |    224 |    224 |      0 |      0 |    169 |   1 |  224.0 |
         Abyss |    174 |    174 |      0 |      0 |    141 |   2 |   87.0 |
               +--------+--------+--------+--------+--------+-----+--------+

Top non-repeatable levels by time:
     D:1: 224 daAuts
 Abyss:1: 103 daAuts
 Abyss:2: 71 daAuts
